 Dungeon Crawl Stone Soup version 0.30-a0-782-ge64f9170bb (webtiles) character file.

Game seed: 2045638929692553681

7898 Crownlay the Geomancer (level 11, -2/61 HPs)
             Began as an Octopode Earth Elementalist on Mar 5, 2023.
             Was a Believer of Ashenzari.
             Slain by a polar bear (9 damage)
             ... on level 10 of the Dungeon.
             The game lasted 00:21:54 (10503 turns).

Crownlay the Geomancer (OpEE)                      Turns: 10503, Time: 00:21:54

Health: -2/61      AC:  1    Str:  8    XL:     11   Next: 22%
Magic:  32/42      EV: 18    Int: 27    God:    Ashenzari [**....]
Gold:   495        SH:  0    Dex: 13    Spells: 11/28 levels left

rFire   . . .      SeeInvis +    F - +5 dagger of Ashenzari's Loss {venom, Melee, Self} (curse)
rCold   . . .      Faith    .    (no shield)
rNeg    . . .      Spirit   .    (helmet restricted)
rPois   +          Reflect  .    (no amulet)
rElec   .          Harm     .    f - ring of the Shattered Pleiades {Int+6, Evo, Elem} (curse)
rCorr   .          Rampage  .    z - ring "Thunder Perfect Mind" {Wiz MP+9, Alch, Bglg} (curse)
Will    .....                    G - ring of magical power
Stlth   ++++                     H - ring "Henotheism of Ashenzari" {EV+5, Range, Cun} (curse)
HPRegen 0.30/turn                A - ring of Ashenzari's Fetters {rPois, Alch, Fort} (curse)
MPRegen 0.28/turn                (no ring)
                                 (no ring)
                                 (no ring)

@: no status effects
A: almost no armour, amphibious, 8 rings, camouflage 1, gelatinous body 1,
(nimble swimmer 1), tentacles
a: Renounce Religion, Shatter the Chains


You were on level 10 of the Dungeon.
You worshipped Ashenzari.
Ashenzari was pleased with you.
You visited 2 branches of the dungeon, and saw 11 of its levels.
You also visited: Sewer.

You collected 555 gold pieces.
You spent 60 gold pieces at shops.

Inventory:

Hand Weapons
 B - a +2 mace of protection
 F - the cursed +5 dagger of Ashenzari's Loss (weapon) {venom, Melee, Self}
   (You found it on level 7 of the Dungeon)

   It has a curse which improves the following skills: Melee Combat: Short
   Blades, Long Blades, Axes, Maces & Flails, Polearms, Staves and Unarmed
   Combat.
   Introspection: Fighting and Spellcasting.
Missiles
 d - 2 throwing nets
Jewellery
 f - the cursed ring of the Shattered Pleiades (left tentacle) {Int+6, Evo, Elem}
   (You found it on level 1 of the Dungeon)

   [ring of intelligence]

   Int:       It affects your intelligence (+6).
   It has a curse which improves the following skills: Evocations: Evocations.
   Elements:  Fire Magic, Ice Magic, Air Magic and Earth Magic.
 z - the cursed ring "Thunder Perfect Mind" (right tentacle) {Wiz MP+9, Alch, Bglg}
   (You acquired it on level 6 of the Dungeon)

   [ring of wizardry]

   It improves your spell success rate.
   MP:        It affects your magic capacity (+9).
   It has a curse which improves the following skills: Alchemy: Poison Magic and
   Transmutations.
   Beguiling: Conjurations, Hexes and Translocations.
 A - the cursed ring of Ashenzari's Fetters (on tentacle) {rPois, Alch, Fort}
   (You took it off an orc on level 9 of the Dungeon)

   [ring of poison resistance]

   rPois:     It protects you from poison.
   It has a curse which improves the following skills: Alchemy: Poison Magic and
   Transmutations.
   Fortitude: Shields.
 G - a ring of magical power (on tentacle)
 H - the cursed ring "Henotheism of Ashenzari" (on tentacle) {EV+5, Range, Cun}
   (You found it on level 9 of the Dungeon)

   [ring of evasion]

   EV:        It affects your evasion (+5).
   It has a curse which improves the following skills: Ranged Combat: Ranged
   Weapons and Throwing.
   Cunning:   Dodging and Stealth.
Wands
 l - a wand of flame (10)
 v - a wand of light (5)
 D - a wand of iceblast (15)
 K - a wand of charming (5)
Scrolls
 b - 8 scrolls of teleportation
 c - a scroll of blinking
 m - 7 scrolls of immolation
 o - 3 scrolls of fog
 p - a scroll of summoning
 s - a scroll of vulnerability
 t - a scroll of enchant armour
 w - 6 scrolls of identify
 y - a scroll of fear
 C - a scroll of enchant weapon
 E - a scroll of magic mapping
 J - a scroll of poison
Potions
 a - a potion of magic
 e - 4 potions of resistance
 g - 2 potions of ambrosia
 h - 5 potions of brilliance
 i - 2 potions of heal wounds
 j - 5 potions of lignification
 k - 2 potions of haste
 n - 4 potions of curing
 q - 2 potions of might
 u - 2 potions of attraction
 x - 3 potions of invisibility
Miscellaneous
 I - a box of beasts


   Skills:
 - Level 2.0(3.0) Dodging
 - Level 6.0(7.2) Stealth
 + Level 7.8(9.1) Spellcasting
 + Level 8.2(9.5) Conjurations
 + Level 8.2 Summonings
 - Level 1.0(2.1) Transmutations
 - Level 9.2(10.4) Earth Magic


You had 11 spell levels left.
You knew the following spells:

 Your Spells              Type           Power      Damage    Failure   Level
a - Sandblast             Erth           100%       2d20      1%          1
b - Stone Arrow           Conj/Erth      100%       3d13      1%          3
c - Iron Shot             Conj/Erth      30%        9d6       4%          6
d - Spellforged Servitor  Conj/Summ      28%        N/A       38%         7

Your spell library contained the following spells:

 Spells                   Type           Power      Damage    Failure   Level
 Slow                     Hex            52%        N/A       1%          1
 Sting                    Tmut/Pois      72%        1d6       1%          1
 Passwall                 Tmut/Erth      38%        N/A       1%          2
 Petrify                  Tmut/Erth      46%        N/A       1%          4
 Iskenderun's Battlesphe  Conj           59%        2d11      1%          5
 Poisonous Vapours        Pois/Air       26%        N/A       2%          2
 Confusing Touch          Hex            13%        N/A       5%          3
 Vhi's Electric Charge    Tloc/Air       26%        N/A       5%          3
 Vampiric Draining        Necr           12%        2d6       6%          3
 Arcjolt                  Conj/Air       19%        1d29      8%          5
 Olgreb's Toxic Radiance  Pois           13%        N/A       16%         4
 Maxwell's Capacitive Co  Air            6%         ∞         100%        8


Dungeon Overview and Level Annotations

Branches:
Dungeon (10/15)            Temple (1/1) D:5            Lair (0/5) D:9
  Sewer (visited)
    Orc: D:9-12

Altars:
Ashenzari
Cheibriados
Fedhas
Gozag
Hepliaklqana
Kikubaaqudgha
Makhleb
Nemelex Xobeh
Okawaru
Qazlal
Sif Muna
Trog
Uskayaw
Vehumet
Wu Jian
Xom
Yredelemnul
Zin
The Shining One
Lugonu

Shops:
D:5 [(=(   D:8 !

Annotations:
D:9 2 transporters


Innate Abilities, Weirdness & Mutations

You cannot wear most types of armour.
You are amphibious.
You can wear up to eight rings at the same time.
Your skin changes colour to match your surroundings (Stealth+).
Your rubbery body absorbs attacks. (AC +1, EV +1)
((You are camouflaged when in or above water. (Stealth+)))
You have tentacles for arms and can constrict up to eight enemies at once.


Message History

Confirm with . or Enter, or press ? or * to list all spells.
Aiming: Sandblast (safe; 1% risk of failure)
Press: ? - help, Shift-Dir - straight line, f - polar bear
Aim: a polar bear (89% to hit)
The blast of sand hits the polar bear!!
The polar bear is heavily wounded.
The gnoll closely misses you. The gnoll misses you.
There is a stone staircase leading up here.
Casting: Sandblast (safe; 1% risk of failure)
Confirm with . or Enter, or press ? or * to list all spells.
Aiming: Sandblast (safe; 1% risk of failure)
Press: ? - help, Shift-Dir - straight line, f/p - polar bear
Aim: a polar bear (heavily wounded, 89% to hit)
The blast of sand misses the polar bear.
The blast of sand hits the white imp!
You kill the white imp!
An ice beast comes into view.
The polar bear bites you. The polar bear claws you. The polar bear misses you.
Casting: Sandblast (safe; 1% risk of failure)
Confirm with . or Enter, or press ? or * to list all spells.
Aiming: Sandblast (safe; 1% risk of failure)
Press: ? - help, Shift-Dir - straight line, f/p - polar bear
Aim: a polar bear (heavily wounded, 89% to hit)
The blast of sand hits the polar bear.
The polar bear is heavily wounded.
The gnoll barely misses you.
The polar bear bites you but does no damage.
The polar bear closely misses you.
The polar bear claws you but does no damage.
The polar bear bites you!
* * * LOW HITPOINT WARNING * * *
The polar bear claws you.
* * * LOW HITPOINT WARNING * * *
The polar bear claws you.
* * * LOW HITPOINT WARNING * * *
The gnoll misses you.
The gnoll hits you from afar with a +0 spear!
* * * LOW HITPOINT WARNING * * *
The polar bear bites you!
You die...

, *#..... ..# , *
*...... ..., , *
*#.... .... , , , ##*
###...#..... *,
*##.####..Y..#.....
,, , ..
#...#.#........... *
8
#..##................
...).....##..........
, * ,
...)Y).$Z##@.........
, *
..........##h.......#
*
.........Y{{g.......#
..........g{....#.#.#
, *
##......?####.......#
, , #.........
#...#...# #.....#...
,.........
......#...# .#####. ,
, .........., ..,,


You could see a polar bear, an ice beast and a gnoll.

Vanquished Creatures
  Maurice (D:7)
  Joseph (D:7)
  Maggie (D:9)
  Grinder (D:6)
  2 trolls (D:9)
  Prince Ribbit (D:7)
  A vampire (D:10)
  9 yaks
  5 wyverns (D:9)
  A steam dragon (D:8)
  2 acid dragons (D:9)
  4 water moccasins (D:9)
  3 black bears (D:6)
  3 orc warriors
  3 ogres
  3 centaurs (D:9)
  2 kobold brigands
  2 scorpions
  5 bullfrogs
  4 gnoll sergeants
  5 wights (D:6)
  3 howler monkeys
  2 lava snakes (D:9)
  4 orc priests
  A jelly (D:5)
  A gnoll bouda (D:8)
  2 hounds
  A hell rat (Sewer)
  5 orc wizards
  Robin (D:3)
  9 adders
  23 gnolls
  5 river rats
  4 white imps
  An ufetubus (D:5)
  3 worms
  2 dart slugs
  30 orcs
  11 ball pythons
  5 endoplasms
  16 giant cockroaches
  4 hobgoblins
  10 jackals (D:1)
  8 quokkas
  2 bats (D:3)
  A frilled lizard (D:1)
  7 goblins
  18 kobolds
  9 rats
247 creatures vanquished.

Vanquished Creatures (others)
  A shadow imp (D:7)
  A bush (D:9)
  4 fungi (D:9)
  17 plants (D:9)
23 creatures vanquished.

Grand Total: 270 creatures vanquished

Notes
Turn   | Place    | Note
-------+----------+-------------------------------------------
     0 | D:1      | Crownlay the Octopode Earth Elementalist began the quest
                  | for the Orb.
     0 | D:1      | Reached XP level 1. HP: 11/11 MP: 3/3
   145 | D:1      | Reached XP level 2. HP: 17/17 MP: 3/5
   475 | D:1      | Reached XP level 3. HP: 21/21 MP: 4/6
   939 | D:1      | Learned a level 3 spell: Stone Arrow
  1018 | D:2      | Reached skill level 4 in Earth Magic
  1128 | D:2      | Found a faded altar of an unknown god.
  1560 | D:3      | Reached XP level 4. HP: 21/27 MP: 4/7
  1602 | D:3      | Noticed Robin
  1607 | D:3      | Killed Robin
  2314 | D:3      | Found a stormy altar of Qazlal.
  2444 | D:3      | Reached XP level 5. HP: 31/31 MP: 5/8
  2619 | D:3      | Found a burning altar of Makhleb.
  2619 | D:3      | Noticed a blizzard demon
  2622 | D:3      | Noticed a hellwing
  2622 | D:3      | Noticed a smoke demon
  2679 | D:4      | Reached skill level 5 in Earth Magic
  2822 | D:4      | Reached skill level 5 in Stealth
  2884 | D:4      | Reached XP level 6. HP: 32/36 MP: 2/9
  3047 | D:4      | Found a shimmering blue altar of Sif Muna.
  3311 | D:4      | Found a bloodstained altar of Trog.
  3417 | D:5      | Entered Level 5 of the Dungeon
  3497 | D:5      | Found a staircase to the Ecumenical Temple.
  3504 | Temple   | Entered the Ecumenical Temple
  3739 | Temple   | Became a worshipper of Ashenzari the Shackled
  3836 | D:5      | Reached skill level 6 in Earth Magic
  3949 | D:5      | Found Sijuorug's Antique Weapon Shoppe.
  4011 | D:5      | Reached XP level 7. HP: 41/41 MP: 7/10
  4059 | D:5      | Found Rephaxe Xueg's Armour Shoppe.
  4175 | D:5      | Found a blossoming altar of Fedhas.
  4175 | D:5      | Found an iron altar of Okawaru.
  4175 | D:5      | Found an opulent altar of Gozag.
  4239 | D:5      | Found Kuthroipt's Firing Range.
  4271 | D:5      | Found Ziocist's Jewellery Shoppe.
  4388 | D:5      | Reached skill level 1 in Conjurations
  4388 | D:5      | Reached skill level 1 in Summonings
  4515 | D:6      | Found a glowing drain.
  4589 | Sewer    | Entered a sewer
  4840 | D:6      | Reached skill level 7 in Earth Magic
  4867 | D:6      | Found an ancient bone altar of Kikubaaqudgha.
  4925 | D:6      | Reached XP level 8. HP: 46/46 MP: 8/13
  5152 | D:6      | Reached * piety under Ashenzari
  5152 | D:6      | Identified a scroll of acquirement
  5153 | D:6      | Acquired the ring "Ewyemek" {Wiz MP+9}
  5221 | D:6      | Noticed Grinder
  5228 | D:6      | Killed Grinder
  5355 | D:6      | Reached skill level 8 in Earth Magic
  6061 | D:7      | Found a radiant altar of Vehumet.
  6064 | D:7      | Reached XP level 9. HP: 50/51 MP: 16/16
  6067 | D:7      | Noticed Joseph
  6072 | D:7      | Killed Joseph
  6212 | D:7      | Reached skill level 9 in Earth Magic
  6316 | D:7      | Noticed Prince Ribbit
  6322 | D:7      | Killed Prince Ribbit
  6640 | D:7      | Found a hide-covered altar of Uskayaw.
  6642 | D:7      | Noticed a +0 dagger
  6643 | D:7      | Noticed a +0 dagger
  6991 | D:8      | Identified the +1 chain mail of Jenethoa {rElec}
  6994 | D:8      | Reached skill level 5 in Spellcasting
  7000 | D:7      | Reached skill level 5 in Conjurations
  7000 | D:7      | Reached skill level 5 in Summonings
  7196 | D:8      | Noticed Maurice
  7301 | D:7      | Reached XP level 10. HP: 18/56 MP: 19/19
  7451 | D:7      | Killed Maurice
  8031 | D:8      | Found Weligg's Distillery.
  8036 | D:8      | Bought a potion of heal wounds for 60 gold pieces
  8989 | D:9      | Noticed a purple ugly thing
  9433 | D:9      | Noticed Maggie
  9439 | D:9      | Killed Maggie
  9531 | D:9      | Reached ** piety under Ashenzari
  9542 | D:9      | Found a staircase to the Lair.
  9565 | D:9      | Reached XP level 11. HP: 25/61 MP: 23/23
  9695 | D:9      | Learned a level 6 spell: Iron Shot
  9703 | D:9      | Learned a level 7 spell: Spellforged Servitor
 10101 | D:9      | Found a transporter.
 10101 | D:9      | Noticed a cyan ugly thing
 10103 | D:9      | Found a transporter.
 10103 | D:9      | Found a corrupted altar of Lugonu.
 10104 | D:9      | Noticed a cyan ugly thing
 10398 | D:9      | Found the brooch of Shielding {Spirit SH+8}
 10447 | D:10     | Entered Level 10 of the Dungeon
 10503 | D:10     | Slain by a polar bear

Illustrated notes

Levels and vault maps discovered:
D:1:      dpeg_arrival_round_a, layout_basic
D:2:      minmay_roachtagon, layout_rooms, basic_ecumenical_altar,
          kennysheep_boxes
D:3:      layout_loops_corners, nicolae_qazlal_scattered_showers,
          makhleb_altar_promises_db, uniq_robin
D:4:      layout_cave_pools, led_sif_pool, lightli_temple_of_fire
D:5:      layout_loops_cross, gammafunk_temple_overflow_claw,
          minmay_temple_entry_waves, serial_shops, nicolae_shop_crystal,
          kennysheep_mini, shop, nicolae_shop_firing_range
D:6:      layout_gridville, lemuel_round_altar, portal_sewer_entry_a,
          uniq_grinder
D:7:      lemuel_ice_spiral_2, layout_basic, dancing_weapons_uskayaw,
          fiery_altar_vehumet, nicolae_concentric_dashed_squares_mild,
          uniq_joseph, uniq_prince_ribbit1
D:8:      layout_basic, serial_shops, nicolae_shop_waterfront, uniq_maurice
D:9:      gammafunk_corrupted_shrine, layout_basic, minmay_lair_entry_grove,
          hangedman_abyss_or_decor_clamps, kennysheep_diamond, uniq_maggie
D:10:     layout_cave_pools, nicolae_overflow_hidden_temple, serial_ice,
          serial_ice_h, serial_ice_m, serial_ice_n, serial_ice_i, serial_ice_o,
          serial_ice_e, hangedman_decor_lopped, minmay_orc_keep, uniq_nergalle
Temple:   compressed_dpeg_triangle_lava_temple

Skill      XL: |  1  2  3  4  5  6  7  8  9 10 11 |
---------------+----------------------------------+-----
Stealth        | 3 4 5 6 |  6.0
Earth Magic    | 4 5 6 7 8 9 |  9.2
Conjurations   | 2 3 5 7 8 |  8.2
Summonings     | 2 3 5 7 8 |  8.2
Spellcasting   | 3 4 5 7 |  7.8
Dodging        | |  2.0
Transmutations | |  1.0

Action                     |  1- 3 |  4- 6 |  7- 9 | 10-12 || total
---------------------------+-------+-------+-------+-------++-------
  Melee: Unarmed           |    20 |       |       |       ||    20
         Tentacles         |    12 |       |       |       ||    12
         Constrict         |    13 |     1 |       |       ||    14
         Dagger            |    25 |     4 |       |       ||    29
   Cast: Sandblast         |    45 |    82 |   102 |   132 ||   361
         Stone Arrow       |       |       |    12 |    25 ||    37
 Invoke: Curse Item        |       |       |     3 |     3 ||     6
         Shatter the Chain |       |       |       |     1 ||     1
  Evoke: Wand              |       |       |     2 |       ||     2
    Use: Scroll            |     3 |     3 |     1 |       ||     7
   Stab: Sleeping          |       |     1 |       |       ||     1
 Armour: Skin              |     8 |     1 |     1 |     3 ||    13
  Dodge: Dodged            |    60 |    23 |    25 |    74 ||   182

Table legend: (Time is in decaauts)
 A = Elapsed time spent in this place.
 B = Non-inter-level travel time spent in this place.
 C = Inter-level travel time spent in this place.
 D = Time resting spent in this place.
 E = Time spent auto-exploring this place.
 F = Levels seen in this place.
 G = Mean time per level.
                   A        B        C        D        E       F      G
               +--------+--------+--------+--------+--------+-----+--------+
         Total |  10683 |  10333 |    350 |     55 |   8811 |  12 |  890.2 |
       Dungeon |  10225 |   9889 |    336 |     55 |   8433 |  10 | 1022.5 |
        Temple |    250 |    236 |     14 |      0 |    216 |   1 |  250.0 |
         Sewer |    207 |    207 |      0 |      0 |    162 |   1 |  207.0 |
               +--------+--------+--------+--------+--------+-----+--------+

Top non-repeatable levels by time:
     D:7: 1706 daAuts
     D:9: 1595 daAuts
     D:8: 1364 daAuts
     D:3: 1318 daAuts
     D:6: 1167 daAuts
     D:1: 956 daAuts
     D:5: 858 daAuts
     D:4: 636 daAuts
     D:2: 559 daAuts
  Temple: 250 daAuts
   Sewer: 207 daAuts
    D:10: 61 daAuts
